AoeStats
← ling147

Arena

510460336Analyzed
4v4 RM · 19h ago on Oct 1, 2026· 38m 42s· 8 players
Game mode
Random Map
Map size
Large (8 player)
Population
200
Speed
Normal
Resources
Standard
Victory
Conquest
Starting age
Dark Age
Ending age
Imperial Age
RankedLock teamsTeams togetherTeam positionsShared explorationLock speedFull tech treeHidden civsTurbo modeCheats
Victory
Defeat
🇲🇽 Romans · Mexico
724
+6
🇲🇽 Vikings · Mexico
700
+7
🇦🇷 Georgians · Argentina
689
+7
🇺🇸 Britons · United States
610
+10
🇨🇳 Huns · China
503
-8
🇨🇳 Khmer · China
503
-8
🇨🇱 Mapuche · Chile
485
-8
🇺🇸 Japanese · United States
433
-6
Bad Bradley B
15:40 Feudal Age
16:13 Double-Bit Axe
16:12 Horse Collar
18:46 Wheelbarrow
27:18 Castle Age
25:28 Man-at-Arms
26:35 Forging
26:26 Scale Mail Armor
28:42 Stone Mining
29:54 Squires
29:16 Long Swordsman
29:38 Pikeman
30:49 Chain Mail Armor
林北才是接班人
10:44 Feudal Age
17:18 Castle Age
22:27 Horse Collar
22:34 Double-Bit Axe
24:40 Heavy Plow
24:53 Bow Saw
26:37 Wheelbarrow
26:06 Gold Mining
26:06 Stone Mining
27:39 Caravan
30:17 Imperial Age
30:46 Hand Cart
31:45 Caravan
32:20 Conscription
32:59 Husbandry
33:11 Bloodlines
34:33 Two-Man Saw
34:13 Gold Shaft Mining
34:00 Forging
33:55 Scale Barding Armor
34:59 Cavalier
35:41 Pikeman
36:24 Squires
36:47 Paladin
39:29 Iron Casting
39:15 Chain Barding Armor
ling147
16:05 Feudal Age
20:05 Castle Age
18:06 Horse Collar
18:30 Double-Bit Axe
19:19 Gold Mining
19:20 Stone Mining
19:28 Stone Mining
22:56 Wheelbarrow
22:07 Town Watch
22:44 Loom
23:57 Caravan
24:27 Coinage
24:42 Heavy Plow
27:36 Gold Shaft Mining
27:37 Stone Shaft Mining
27:20 Heavy Plow
28:42 Bow Saw
33:28 Hand Cart
33:14 Town Patrol
41:45 Imperial Age
cvarascaica
0:29 Loom
14:39 Feudal Age
15:43 Champi Runner
16:09 Arson
16:20 Horse Collar
16:25 Double-Bit Axe
17:17 Wheelbarrow
16:36 Gold Mining
16:39 Stone Mining
16:36 Town Watch
19:15 Forging
19:07 Scale Mail Armor
21:47 Padded Archer Armor
23:46 Fletching
27:10 Castle Age
28:11 Pikeman
29:17 Heavy Plow
29:28 Bow Saw
29:54 Gold Shaft Mining
29:55 Stone Shaft Mining
29:57 Iron Casting
29:38 Chain Mail Armor
30:12 Champi Warrior
31:32 Hand Cart
34:44 Chain Mail Armor
34:45 Leather Archer Armor
34:27 Bodkin Arrow
34:35 Caravan
36:33 Town Patrol
x Pr3iSs3r x
10:13 Loom
12:00 Feudal Age
15:16 Double-Bit Axe
15:26 Gold Mining
15:19 Horse Collar
20:04 Castle Age
19:48 Stone Mining
20:39 Crossbowman
23:30 Bow Saw
24:30 Heavy Plow
25:27 Gold Shaft Mining
33:02 Imperial Age
32:44 Fletching
32:55 Padded Archer Armor
33:07 Caravan
34:28 Ballistics
34:13 Elite Skirmisher
35:06 Arbalester
36:15 Conscription
36:51 Bodkin Arrow
36:58 Scale Mail Armor
37:09 Forging
39:18 Chemistry
38:22 Bracer
dmartinez4758
0:28 Loom
13:17 Feudal Age
14:03 Double-Bit Axe
13:59 Horse Collar
14:29 Man-at-Arms
18:38 Forging
18:38 Scale Mail Armor
24:45 Castle Age
26:11 Bow Saw
26:25 Long Swordsman
27:06 Squires
27:17 Gold Mining
27:26 Stone Mining
27:59 Heavy Plow
32:56 Iron Casting
33:39 Wheelbarrow
32:50 Town Watch
Yurmus
15:08 Feudal Age
13:25 Loom
26:52 Castle Age
24:59 Fletching
28:55 Double-Bit Axe
28:57 Crossbowman
31:32 Bow Saw
35:18 Bodkin Arrow
35:24 Padded Archer Armor
DiamanteX3191
12:34 Feudal Age
11:19 Loom
14:03 Wheelbarrow
13:19 Double-Bit Axe
13:28 Gold Mining
13:30 Stone Mining
14:13 Horse Collar
19:41 Castle Age
17:27 Town Watch
17:40 Fletching
21:45 Bow Saw
25:33 Heavy Plow
26:07 Svan Towers
29:29 Stone Shaft Mining
30:14 Hand Cart
31:19 Ballistics
30:55 Murder Holes
30:53 Guard Tower
33:43 Masonry
37:24 Redemption
Connection lost

Rejoining the realm…

Still unreachable

The connection could not be restored.

Session expired

The server has moved on; the page needs a fresh start.